 Dungeon Sprint DCSS version 0.27.1 (webtiles) character file.

Game seed: 2507482564628500560

200 styxcanada the Covert (level 5, -2/28 HPs)
             Began as a Spriggan Brigand on Aug 31, 2021.
             Was an Initiate of Gozag.
             Slain by a spriggan (15 damage)
             ... in the Dungeon (Sprint IV: "Fedhas' Mad Dash").
             The game lasted 00:01:46 (382 turns).

styxcanada the Covert (Spriggan Brigand)             Turns: 382, Time: 00:01:46

Health: -2/28      AC:  3    Str:  7    XL:     5   Next: 49%
Magic:  6/6        EV: 19    Int: 13    God:    Gozag
Gold:   185        SH:  0    Dex: 17    Spells: 4/4 levels left

rFire    . . .     SeeInvis +   a - +2 dagger
rCold    . . .     Faith    .   (shield restricted)
rNeg     . . .     Spirit   .   b - +0 robe
rPois    .         Reflect  .   (helmet restricted)
rElec    .         Harm     .   c - +0 cloak
rCorr    .         Rampage  .   (gloves unavailable)
Will     .....     NoTele   +   (boots unavailable)
Stlth    ++++++....             m - amulet of invisibility {+Inv}
HPRegen  0.09/turn              (no ring)
MPRegen  0.10/turn              (no ring)

@: very slightly contaminated, very quick
A: very small, no large weapons, unfitting armour, see invisible, speed 3
a: Renounce Religion, Evoke Invisibility, Potion Petition, Call Merchant, Bribe
Branch


You were in the Dungeon.
You worshipped Gozag.
Gozag was aware of your devotion.
You visited 1 branch You collected 185 gold pieces.

Inventory:

Hand Weapons
 a - a +2 dagger (weapon)
Missiles
 d - 5 poisoned darts (quivered)
Armour
 b - a +0 robe (worn)
 c - a +0 cloak (worn)
Jewellery
 m - the amulet of invisibility (around neck) {+Inv}
   (You found it in the Dungeon)

   [amulet of nothing]

   +Inv:      It lets you turn invisible.
Scrolls
 k - a scroll of blinking
 l - a scroll of magic mapping {unknown}
Potions
 f - a potion of curing
 g - a potion of heal wounds
 h - a potion of haste
 i - 2 potions of magic
 j - a potion of berserk rage


   Skills:
 * Level 3.5 Fighting
 + Level 3.4 Short Blades
 + Level 3.8 Throwing
 * Level 5.0 Dodging
 * Level 14.3 Stealth
 + Level 1.3 Evocations


You had 4 spell levels left.
You didn't know any spells.
Your spell library was empty.

Dungeon Overview and Level Annotations

Branches:
Dungeon (1/1)

Altars:
Cheibriados
Dithmenos
Elyvilon
Gozag
Hepliaklqana
Kikubaaqudgha
Makhleb
Nemelex Xobeh
Okawaru
Qazlal
Ru
Sif Muna
Trog
Uskayaw
Vehumet
Wu Jian
Xom
Yredelemnul
Zin
The Shining One
Beogh
Jiyva
Lugonu


Innate Abilities, Weirdness & Mutations

You are very small and have problems with some larger weapons.
You are too small for most types of armour.
You have supernaturally acute eyesight. (SInv)
You cover ground extremely quickly. (Speed+++)


Message History

Found 18 gold pieces.
There is an open door here.
Throw: dart (curare)
Press: ? - help, Q - select action, (/) - cycle Shift-Dir - straight line, f - spriggan
Aim: a spriggan, wielding a +0 dagger and wearing a +0 robe (34% to hit)
You throw a curare-tipped dart.
The curare-tipped dart barely misses the spriggan.
The spriggan misses you.
You flicker back into view.
You see here a +2 trident of protection.
Things that are here:
54 gold pieces; a +0 dagger; a +0 robe
There is an open door here.
Throw: 8 darts (poison)
Press: ? - help, Q - select action, (/) - cycle Shift-Dir - straight line, f/p - spriggan
Aim: a spriggan, wielding a +0 dagger and wearing a +0 robe (34% to hit)
You throw a poisoned dart.
The poisoned dart closely misses the spriggan.
The spriggan barely misses you.
There is a corrupted altar of Lugonu here.
Throw: 7 darts (poison)
Press: ? - help, Q - select action, (/) - cycle Shift-Dir - straight line, f/p - spriggan
Aim: a spriggan, wielding a +0 dagger and wearing a +0 robe (34% to hit)
You throw a poisoned dart. The poisoned dart hits the spriggan!
The spriggan is poisoned.
The spriggan hits you with a +0 dagger!
Ouch! That really hurt!
There is an ancient bone altar of Kikubaaqudgha here.
There is a viscous altar of Jiyva here.
Throw: 6 darts (poison)
Press: ? - help, Q - select action, (/) - cycle Shift-Dir - straight line, f/p - spriggan
Aim: a spriggan, wielding a +0 dagger and wearing a +0 robe (lightly wounded, very poisoned, 34% to hit)
You throw a poisoned dart. The poisoned dart misses the spriggan.
Unknown command.
Press < or > to pray at altars.
There is a hazy altar of Hepliaklqana here.
The spriggan hits you with a +0 dagger!
Ouch! That really hurt!
You die...
Your body crumbles into a pile of gold.

#################################
#.....#.....#.⌠._._._._.⌠.#.)'$.(
'.....'.#)..'.._@i._._._(.($.#$s$
#.....#.#...#..._._._._...#..###+
##########+##.._._._._._..#.[#
#._._._._._.⌠.#### $
$############### $$$ $$ $


You could see a spriggan (poisoned).

Vanquished Creatures
  A scorpion (D)
  3 oklob saplings (D)
  A spriggan (D)
  A river rat (D)
  A rat (D)
7 creatures vanquished.

Vanquished Creatures (others)
  2 fungi (D)
2 creatures vanquished.

Grand Total: 9 creatures vanquished

Notes
Turn   | Place    | Note
-------+----------+-------------------------------------------
     0 | D        | styxcanada the Spriggan Brigand began the quest for the
                  | Orb.
     0 | D        | Reached XP level 1. HP: 10/10 MP: 2/2
    23 | D        | Reached skill level 7 in Stealth
    23 | D        | Reached XP level 2. HP: 15/15 MP: 3/3
    24 | D        | Reached skill level 8 in Stealth
    38 | D        | Noticed an oklob sapling
    40 | D        | Killed an oklob sapling
    41 | D        | Reached skill level 9 in Stealth
    41 | D        | Reached XP level 3. HP: 19/19 MP: 4/4
    42 | D        | Noticed a scorpion
    42 | D        | Found the amulet of invisibility {+Inv}
    44 | D        | Killed a scorpion
    45 | D        | Reached skill level 12 in Stealth
    45 | D        | Reached XP level 4. HP: 23/23 MP: 5/5
    67 | D        | Found an opulent altar of Gozag.
    67 | D        | Found a hazy altar of Hepliaklqana.
    67 | D        | Found a burning altar of Makhleb.
    67 | D        | Found a sparkling altar of Nemelex Xobeh.
    67 | D        | Found a snail-covered altar of Cheibriados.
    67 | D        | Found a sacrificial altar of Ru.
    67 | D        | Found a shimmering blue altar of Sif Muna.
    67 | D        | Found a shimmering altar of Xom.
    67 | D        | Found a basalt altar of Yredelemnul.
    68 | D        | Found a viscous altar of Jiyva.
    68 | D        | Found a bloodstained altar of Trog.
    68 | D        | Found an ornate altar of the Wu Jian Council.
    69 | D        | Found an iron altar of Okawaru.
    69 | D        | Found a shadowy altar of Dithmenos.
    69 | D        | Found a glowing silver altar of Zin.
    70 | D        | Found an ancient bone altar of Kikubaaqudgha.
    70 | D        | Found a hide-covered altar of Uskayaw.
    71 | D        | Found a stormy altar of Qazlal.
    71 | D        | Found a white marble altar of Elyvilon.
    71 | D        | Found a glowing golden altar of the Shining One.
    72 | D        | Became a worshipper of Gozag Ym Sagoz the Greedy
    73 | D        | Found a corrupted altar of Lugonu.
    73 | D        | Found a radiant altar of Vehumet.
    83 | D        | Reached skill level 13 in Stealth
    83 | D        | Reached XP level 5. HP: 4/28 MP: 4/6
   352 | D        | Reached skill level 1 in Evocations
   360 | D        | Reached skill level 5 in Dodging
   360 | D        | Reached skill level 14 in Stealth
   382 | D        | Slain by a spriggan

Illustrated notes

Levels and vault maps discovered:
D:        dungeon_sprint_fedhas [sprint_temple]

Skill      XL: |  1  2  3  4  5 |
---------------+----------------+-----
Fighting       | 2 3 |  3.5
Dodging        | 2 3 4 5 |  5.0
Stealth        | 7 9 12 13 14 | 14.3
Short Blades   | 3 |  3.4
Throwing       | 3 |  3.8
Evocations     | 1 |  1.3

Action                   |  1- 3 |  4- 6 || total
-------------------------+-------+-------++-------
Melee: Dagger            |     4 |     8 ||    12
Throw: Dart              |     9 |     5 ||    14
 Abil: Evoke Invisibilit |       |     2 ||     2
 Stab: Sleeping          |     2 |     1 ||     3
       Invisible         |       |     1 ||     1
Dodge: Dodged            |     5 |     4 ||     9
